 Dungeon Crawl Stone Soup version 0.27-a0-1084-g78b3836a5f (webtiles) character file.

Game seed: 7893992618461690952

109 dolemite99 the Chopper (level 4, -2/39 HPs)
             Began as a Hill Orc Monk on Apr 27, 2021.
             Was a Believer of Beogh.
             Slain by an orc priest
             ... wielding a +0 short sword
              (3 damage)
             ... on level 3 of the Dungeon.
             The game lasted 00:03:01 (3949 turns).

dolemite99 the Chopper (Hill Orc Monk)              Turns: 3949, Time: 00:03:02

Health: -2/39      AC:  2    Str: 14    XL:     4   Next: 90%
Magic:  4/4        EV: 12    Int: 10    God:    Beogh [**....]
Gold:   90         SH:  0    Dex: 13    Spells: 3/3 levels left

rFire    . . .     SeeInvis .   b - +4 dagger (drain)
rCold    . . .     Faith    .   (no shield)
rNeg     . . .     Spirit   .   k - +0 robe
rPois    .         Reflect  .   (no helmet)
rElec    .         Harm     .   (no cloak)
rCorr    .         Rampage  .   (no gloves)
Will     .....     Rnd*Tele +   (no boots)
Stlth    ++........             (no amulet)
HPRegen  0.13/turn              (no ring)
MPRegen  0.09/turn              (no ring)

@: no status effects
A: teleportitis 1, sturdy frame 1
a: Renounce Religion, Smiting


You were on level 3 of the Dungeon.
You worshipped Beogh.
Beogh was pleased with you.
You visited 1 branch of the dungeon, and saw 3 of its levels.

You collected 90 gold pieces.

Inventory:

Hand Weapons
 a - a +0 hand axe
 b - a +4 dagger of draining (weapon)
 l - a +0 hunting sling
Missiles
 g - 41 stones (quivered)
 m - 15 poisoned darts
Armour
 k - a +0 robe (worn)
Wands
 e - a wand of digging (5)
Scrolls
 c - a scroll of torment {unknown}
 f - 2 scrolls of fear {unknown}
 i - a scroll of summoning {unknown}
 j - a scroll of enchant weapon
 n - a scroll of noise {unknown}
Potions
 d - a potion of cancellation


   Skills:
 - Level 3.6 Fighting
 + Level 1.2 Short Blades
 - Level 6.9 Axes
 - Level 2.4 Dodging
 - Level 1.5 Stealth


You had 3 spell levels left.
You didn't know any spells.
Your spell library was empty.

Dungeon Overview and Level Annotations

Branches:
Dungeon (3/15)

Altars:

Annotations:
D:3 Ijyb


Innate Abilities, Weirdness & Mutations

You are occasionally teleported next to monsters.
Your movements are slightly less encumbered by armour. (ER -2)


Message History

It was a potion of cancellation.
You feel magically purged. The orc priest barely misses you.
It was a potion of mutation.
You feel extremely strange.
You feel clever.
You feel stupid.
You feel weirdly uncertain.
You feel less encumbered by your armour.
The orc priest closely misses you.
You closely miss the orc priest.
The orc priest hits you with a +0 short sword.
* * * LOW HITPOINT WARNING * * *
You hit the orc priest. You drain the orc priest.
The orc priest is moderately wounded.
The orc priest hits you with a +0 short sword.
* * * LOW HITPOINT WARNING * * *
You hit the orc priest.
The orc priest is heavily wounded.
You hit the orc priest.
The orc priest is severely wounded.
The orc priest closely misses you.
You barely miss the orc priest.
The orc priest is severely wounded.
The orc priest closely misses you. Ijyb screams, "I dance on your bones!"
You closely miss the orc priest.
The orc priest is severely wounded.
The orc priest misses you.
As you read the scroll labelled OFARIV GOLYCLO, it crumbles to dust.
It is a scroll of enchant weapon.
Your +3 dagger of draining glows red for a moment.
The orc priest hits you with a +0 short sword.
* * * LOW HITPOINT WARNING * * *
You hit the orc priest.
The orc priest is severely wounded.
The orc priest hits you with a +0 short sword.
* * * LOW HITPOINT WARNING * * *
Drinking this now will have no effect.
You closely miss the orc priest.
The orc priest is severely wounded.
The orc priest hits you with a +0 short sword.
You die...
Beogh appreciates the orc priest's killing of a heretic priest.

...........
.$....... ........
.....o #....
#..... ..( #.....
#g#
.....########o#
#..........#@#
#..........#.#
#####..........#.#
...............#.#
...............#.#
.........†.....#.#
.................#
#.......####....#
#.......# #....#


You could see Ijyb and an orc priest (drained).

Vanquished Creatures
  Natasha (D:2)
  An adder (D:1)
  4 worms
  3 dart slugs
  2 orcs (D:3)
  6 ball pythons
  4 bats
  6 endoplasms
  3 giant cockroaches (D:1)
  2 goblins
  4 hobgoblins (D:1)
  7 jackals (D:2)
  2 kobolds
  3 frilled lizards
  3 rats
51 creatures vanquished.

Notes
Turn   | Place    | Note
-------+----------+-------------------------------------------
     0 | D:1      | dolemite99 the Hill Orc Monk began the quest for the Orb.
     0 | D:1      | Reached XP level 1. HP: 19/19 MP: 1/1
   322 | D:1      | Reached XP level 2. HP: 26/26 MP: 2/2
   698 | D:1      | Reached skill level 5 in Axes
  1168 | D:1      | Reached XP level 3. HP: 30/31 MP: 3/3
  1701 | D:1      | Reached skill level 6 in Axes
  2314 | D:2      | Noticed Natasha
  2326 | D:2      | Killed Natasha
  2327 | D:2      | Reached XP level 4. HP: 4/39 MP: 4/4
  3306 | D:2      | Found a faded altar of an unknown god.
  3741 | D:3      | Became a worshipper of Beogh the Brigand
  3741 | D:3      | Reached * piety under Beogh
  3741 | D:3      | Reached ** piety under Beogh
  3904 | D:3      | Reached skill level 1 in Short Blades
  3934 | D:3      | Noticed Ijyb
  3940 | D:3      | Gained mutation: Your mind is acute. (Int +2) [potion of
                  | mutation]
  3940 | D:3      | Lost mutation: Your mind is acute. (Int +2) [potion of
                  | mutation]
  3940 | D:3      | Gained mutation: You are occasionally teleported next to
                  | monsters. [potion of mutation]
  3940 | D:3      | Gained mutation: Your movements are slightly less
                  | encumbered by armour. (ER -2) [potion of mutation]
  3948 | D:3      | HP: 1/39 [orc priest/+0 short sword (6)]
  3949 | D:3      | Slain by an orc priest

Illustrated notes

Levels and vault maps discovered:
D:1:      mrwooster_arrival_arrow, layout_loops_corners
D:2:      layout_basic, hellmonk_ecumenical_altar_pennies_from_heaven,
          minmay_misc_feat_encased, uniq_natasha
D:3:      layout_basic, nicolae_overflow_crystal_walls, uniq_ijyb

Skill      XL: |  1  2  3  4 |
---------------+-------------+-----
Axes           | 5 6 |  6.9
Short Blades   | 1 |  1.2
Fighting       | |  3.6
Dodging        | |  2.4
Stealth        | |  1.5

Action                   |  1- 3 |  4- 6 || total
-------------------------+-------+-------++-------
Melee: Hand axe          |   132 |    19 ||   151
       Dagger            |       |    42 ||    42
Throw: Stone             |       |    11 ||    11
Invok: Convert to Beogh  |       |     1 ||     1
  Use: Scroll            |     1 |     1 ||     2
       Potion            |       |     2 ||     2
 Stab: Sleeping          |     5 |     1 ||     6
Armor: Robe              |    27 |     4 ||    31
Dodge: Dodged            |   116 |    35 ||   151

Table legend: (Time is in decaauts)
 A = Elapsed time spent in this place.
 B = Non-inter-level travel time spent in this place.
 C = Inter-level travel time spent in this place.
 D = Time resting spent in this place.
 E = Time spent auto-exploring this place.
 F = Levels seen in this place.
 G = Mean time per level.
                   A        B        C        D        E       F      G
               +--------+--------+--------+--------+--------+-----+--------+
         Total |   3957 |   3770 |    187 |   1140 |   2100 |   3 | 1319.0 |
       Dungeon |   3957 |   3770 |    187 |   1140 |   2100 |   3 | 1319.0 |
               +--------+--------+--------+--------+--------+-----+--------+

Top non-repeatable levels by time:
     D:1: 2659 daAuts
     D:2: 1055 daAuts
     D:3: 242 daAuts
